 Dungeon Crawl Stone Soup version 0.27-a0-1256-gced786f65e (webtiles) character file.

Game seed: 18412614619053098276

657 robertstho the Magician (level 7, -9/49 HPs)
             Began as a Djinni Fire Elementalist on June 10, 2021.
             Mangled by Menkaure (14 damage)
             ... on level 4 of the Dungeon.
             The game lasted 00:06:10 (4967 turns).

robertstho the Magician (Djinni Fire Elementalist)  Turns: 4967, Time: 00:06:11

Health: -9/49      AC:  2    Str:  7    XL:     7   Next: 85%
Gold:   185        EV: 12    Int: 19    God:
                   SH:  0    Dex: 13

rFire    + + .     SeeInvis .   f - +0 short sword (elec)
rCold    x . .     Faith    .   (no shield)
rNeg     . . .     Spirit   .   a - +0 robe
rPois    ∞         Reflect  .   (no helmet)
rElec    .         Harm     .   (no cloak)
rCorr    .         Rampage  .   (no gloves)
Will     .....                  (boots unavailable)
Stlth    ++........             (no amulet)
HPRegen  0.16/turn              (no ring)
MPRegen  0.00/turn              (no ring)

@: brilliant, flying
A: sickness immunity, fire resistance 2, cold vulnerability 1, float, innate
caster, hp casting, extra vitality 1
a: no special abilities


You were on level 4 of the Dungeon.
You visited 1 branch of the dungeon, and saw 4 of its levels.
You also visited: Sewer.

You collected 185 gold pieces.

Inventory:

Hand Weapons
 d - a +0 whip
 f - a +0 short sword of electrocution (weapon)
 o - a +3 short sword
Missiles
 k - 3 curare-tipped darts
Armour
 a - a +0 robe (worn)
Scrolls
 b - a scroll of noise {unknown}
 c - 5 scrolls of teleportation {unknown}
 h - a scroll of amnesia {unknown}
 i - 2 scrolls of identify {unknown}
 l - a scroll of fear {unknown}
 m - a scroll of magic mapping {unknown}
Potions
 e - 3 potions of brilliance
 g - a potion of heal wounds {unknown}
 j - a potion of curing {unknown}
 n - a potion of attraction {unknown}


   Skills:
 * Level 2.4 Fighting
 + Level 2.4 Dodging
 + Level 2.2 Stealth
 * Level 6.0 Spellcasting


You couldn't memorise any spells.
You knew the following spells:

 Your Spells              Type           Power      Damage    Failure   Level
a - Foxfire               Conj/Fire      100%       2x1d9     1%          1
b - Conjure Flame         Conj/Fire      43%        6-21      2%          3
c - Inner Flame           Hex/Fire       43%        N/A       2%          3
d - Sticky Flame          Conj/Fire      43%        2d6       10%         4
e - Fireball              Conj/Fire      21%        3d10      26%         5
f - Shock                 Conj/Air       100%       1d9       1%          1
g - Passwall              Tmut/Erth      35%        N/A       1%          2
h - Static Discharge      Conj/Air       43%        N/A       1%          2
Your spell library was empty.

Dungeon Overview and Level Annotations

Branches:
Dungeon (4/15)              Sewer (visited)
 Temple: D:4-7

Altars:

Shops:
D:1 !

Annotations:
D:4 Menkaure


Innate Abilities, Weirdness & Mutations

You are immune to sickness and miasma.
You are immune to poison.
Your flesh is very heat resistant. (rF++)
You are vulnerable to cold. (rC-)
You float through the air rather than walking.
You learn spells naturally, not from books.
Your magical power is your life essence.
You have superior vitality. (+4 HP)


Message History

Menkaure is nearby!
Menkaure is nearby!
Menkaure is nearby!
Menkaure is nearby!
Casting: Foxfire (safe; 1% risk of failure)
Press: ? - help, Q - select action, (/) - cycle Dir - look around, f - activate You conjure some foxfire!
Menkaure mumbles some strange words.
Menkaure seems to speed up.
Casting: Foxfire (safe; 1% risk of failure)
Press: ? - help, Q - select action, (/) - cycle Dir - look around, f - activate You conjure some foxfire!
The foxfire hits Menkaure.
Menkaure is burned terribly!
Menkaure is lightly damaged.
Unknown command.
The foxfire hits Menkaure!
Menkaure is burned terribly!
Menkaure is heavily damaged.
Menkaure casts a spell at you. Pain shoots through your body!
Casting: Foxfire (safe; 1% risk of failure)
Press: ? - help, Q - select action, (/) - cycle Dir - look around, f - activate You conjure some foxfire!
Your foxfire dissipates!
Menkaure hits you!!
Unknown command.
Casting: Foxfire (safe; 1% risk of failure)
Press: ? - help, Q - select action, (/) - cycle Dir - look around, f - activate You conjure some foxfire!
The foxfire hits Menkaure.
Menkaure is burned terribly!
Menkaure is severely damaged.
The foxfire hits Menkaure.
Menkaure is severely damaged.
Menkaure hits you!
* * * LOW HITPOINT WARNING * * *
It was a potion of brilliance.
You feel clever all of a sudden.
The foxfire hits Menkaure!
Menkaure is burned terribly!
Menkaure is almost destroyed.
Menkaure hits you!
You die...

#.##.#
#....#
####.#
#.# #.#
#.# #.#
#######.#
#.....M@#
#.####..#
....#
###...
....
##.### ##


You could see Menkaure (fast).

Vanquished Creatures
  7 kobold brigands (Sewer)
  Jessica (D:2)
  3 adders
  2 river rats (Sewer)
  6 worms
  3 dart slugs
  4 orcs (D:3)
  10 ball pythons
  6 endoplasms
  3 giant cockroaches
  7 hobgoblins
  4 jackals (D:1)
  2 quokkas
  8 bats
  3 frilled lizards
  3 goblins
  9 kobolds
  11 rats
92 creatures vanquished.

Vanquished Creatures (others)
  418 foxfires
418 creatures vanquished.

Grand Total: 510 creatures vanquished

Notes
Turn   | Place    | Note
-------+----------+-------------------------------------------
     0 | D:1      | robertstho the Djinni Fire Elementalist began the quest for
                  | the Orb.
     0 | D:1      | Reached XP level 1. HP: 15/15 MP: 0/0
   369 | D:1      | Reached XP level 2. HP: 17/22 MP: 0/0
   990 | D:1      | Reached skill level 3 in Spellcasting
   990 | D:1      | Reached XP level 3. HP: 21/26 MP: 0/0
   990 | D:1      | Learned a level 1 spell: Shock
  1377 | D:1      | Found Inoecec's Distillery.
  1589 | D:1      | Found a faded altar of an unknown god.
  2391 | D:2      | Noticed Jessica
  2400 | D:2      | Killed Jessica
  2401 | D:2      | Reached skill level 1 in Fighting
  2401 | D:2      | Reached XP level 4. HP: 27/32 MP: 0/0
  3047 | D:3      | Found a glowing drain.
  3060 | Sewer    | Entered a sewer
  3113 | Sewer    | Noticed a kobold brigand
  3116 | Sewer    | Reached XP level 5. HP: 36/37 MP: 0/0
  3116 | Sewer    | Learned a level 2 spell: Passwall
  3118 | Sewer    | Killed a kobold brigand
  3119 | Sewer    | Reached skill level 4 in Spellcasting
  3163 | Sewer    | Noticed a kobold brigand
  3174 | Sewer    | Killed a kobold brigand
  3175 | Sewer    | Reached XP level 6. HP: 39/43 MP: 0/0
  3339 | Sewer    | Reached skill level 5 in Spellcasting
  3339 | Sewer    | Reached XP level 7. HP: 41/49 MP: 0/0
  3339 | Sewer    | Learned a level 2 spell: Static Discharge
  4573 | D:3      | Reached skill level 6 in Spellcasting
  4961 | D:4      | Noticed Menkaure
  4967 | D:4      | Mangled by Menkaure

Illustrated notes

Levels and vault maps discovered:
D:1:      evilmike_arrival_hilbert_curve, layout_basic,
          hellmonk_ecumenical_altar_heavens_door, serial_shops, shop,
          grunt_decor_arrowhead
D:2:      layout_rooms, serial_glass, glass_columns_c, glass_columns_a,
          minmay_strange_pillars, item_on_display_a, due_unseen_surprise,
          uniq_jessica
D:3:      layout_basic, cheibrodos_sewer_entry_bend, kennysheep_pointless_box
D:4:      layout_basic, amethyst_overflow_temple_binary, uniq_menkaure

Skill      XL: |  1  2  3  4  5  6  7 |
---------------+----------------------+-----
Spellcasting   | 3 4 5 6 |  6.0
Fighting       | 1 2 |  2.4
Stealth        | 2 |  2.2
Dodging        | |  2.4

Action                   |  1- 3 |  4- 6 |  7- 9 || total
-------------------------+-------+-------+-------++-------
 Cast: Foxfire           |   105 |    59 |   110 ||   274
  Use: Potion            |       |       |     1 ||     1
Armor: Robe              |       |     3 |     1 ||     4
Dodge: Dodged            |     4 |     4 |     1 ||     9

Table legend: (Time is in decaauts)
 A = Elapsed time spent in this place.
 B = Non-inter-level travel time spent in this place.
 C = Inter-level travel time spent in this place.
 D = Time resting spent in this place.
 E = Time spent auto-exploring this place.
 F = Levels seen in this place.
 G = Mean time per level.
                   A        B        C        D        E       F      G
               +--------+--------+--------+--------+--------+-----+--------+
         Total |   4965 |   4904 |     61 |      0 |   4282 |   5 |  993.0 |
       Dungeon |   3875 |   3814 |     61 |      0 |   3392 |   4 |  968.8 |
         Sewer |   1089 |   1089 |      0 |      0 |    890 |   1 | 1089.0 |
               +--------+--------+--------+--------+--------+-----+--------+

Top non-repeatable levels by time:
     D:1: 1918 daAuts
   Sewer: 1089 daAuts
     D:3: 1009 daAuts
     D:2: 911 daAuts
     D:4: 36 daAuts
